 Dungeon Crawl Stone Soup version 0.14-a0-365-g2883480 (webtiles) character file.

472 philou365 the Firebug (level 6, -1/32 HPs)
             Began as a Deep Elf Fire Elementalist on Oct 25, 2013.
             Shot with an arrow of frost by a centaur (13 damage)
             ... on Level 4 of the Dungeon.
             The game lasted 00:55:20 (5466 turns).

philou365 the Firebug (Deep Elf Fire Elementalist)  Turns: 5466, Time: 00:55:20

HP  -1/32        AC  7     Str  5      XL: 6   Next:  7%
MP  14/19        EV 13     Int 22      God:
Gold 187         SH  0     Dex 15      Spells:  4 memorised,  3 levels left

Res.Fire  : . . .   See Invis. : .   G - +0,+1 trident (protect)
Res.Cold  : . . .   Warding    : .   a - +0 elf robe (curse)
Life Prot.: . . .   Conserve   : .   (no shield)
Res.Poison: .       Res.Corr.  : .   (no helmet)
Res.Elec. : .       Clarity    : .   (no cloak)
Sust.Abil.: . .     Spirit.Shd : .   (no gloves)
Res.Mut.  : .       Stasis     : .   (no boots)
Res.Rott. : .       Flight     : .   (no amulet)
Saprovore : . . .                    u - ring of protection from magic
                                     F - ring of sustenance

@: quite resistant to hostile enchantments, stealthy
A: no striking features
a: no special abilities


You were on level 4 of the Dungeon.
You were not hungry.

You visited 1 branch of the dungeon, and saw 5 of its levels.

You collected 167 gold pieces.

Inventory:

Hand weapons
 h - a +2,+4 orcish dagger
 y - a +0,+1 scimitar
 G - a +0,+1 trident of protection (weapon)
Missiles
 g - 9 poisoned sling bullets
 t - 6 poisoned needles
 B - 2 poisoned darts (quivered)
Armour
 a - a cursed +0 elven robe (worn)
 w - a +0 orcish robe
 z - a +2 helmet
Magical devices
 d - a wand of polymorph (17)
 E - a wand of slowing (9)
Comestibles
 c - 3 bread rations
 C - 2 meat rations
Scrolls
 e - 3 scrolls of remove curse {unknown}
 i - a scroll of recharging {unknown}
 j - a scroll of teleportation {unknown}
 k - a scroll of enchant weapon II
 l - a scroll of curse weapon {unknown}
 o - a scroll of amnesia {unknown}
 p - a scroll of identify
 s - a scroll of fear
 v - a scroll of enchant armour {unknown}
 x - a scroll of enchant weapon I {unknown}
 A - a scroll of magic mapping {unknown}
Jewellery
 n - an uncursed ring of ice
 r - a +1 ring of dexterity
 u - a ring of protection from magic (right hand)
 F - a ring of sustenance (left hand)
Potions
 m - a potion of restore abilities {unknown}
 q - a potion of agility {unknown}
 D - a potion of heal wounds {unknown}
Books
 b - a book of Flames

   Spells                             Type                      Level
   *Flame Tongue                      Conjuration/Fire             1
   *Throw Flame                       Conjuration/Fire             2
   *Conjure Flame                     Conjuration/Fire             3
   Inner Flame                        Hexes/Fire                   3
   *Sticky Flame                      Conjuration/Fire             4
   Fireball                           Conjuration/Fire             5


   Skills:
 * Level 1.2 Fighting
 + Level 0.2 Short Blades
 + Level 0.4 Throwing
 + Level 3.2 Dodging
 * Level 3.0 Stealth
 * Level 4.1 Spellcasting
 + Level 2.4 Conjurations
 + Level 5.1 Fire Magic


You had 3 spell levels left.
You knew the following spells:

 Your Spells              Type           Power        Failure   Level  Hunger
a - Flame Tongue          Conj/Fire      ###..        2%          1    None
b - Throw Flame           Conj/Fire      ###...       4%          2    #......
c - Conjure Flame         Conj/Fire      ###.....     10%         3    ###....
d - Sticky Flame          Conj/Fire      ###.....     28%         4    ####...


Dungeon Overview and Level Annotations

Branches:
Dungeon (5/27)
 Temple: D:4-7

Altars:
Zin

Annotations:
D:2 Sigmund
D:5 Duvessa


Message History

The centaur shoots an arrow of frost.
The arrow of frost hits you!
You see here an arrow of frost.
Casting: Conjure Flame
Confirm with . or Enter, or press ? or * to list all spells.
Aiming: Conjure Flame
Press: ? - help, Dir - move target cursor The fire roars!
The centaur shoots an arrow of frost.
You hear a sizzling sound!
The centaur shoots an arrow of frost.
The arrow of frost hits you!
* * * LOW HITPOINT WARNING * * *
You feel better.
The centaur shoots an arrow of frost.
The arrow of frost misses you.
The centaur shoots an arrow of frost.
The arrow of frost misses you.
The centaur shoots an arrow of frost.
The arrow of frost misses you.
The centaur shoots an arrow of frost.
The arrow of frost hits you!
You see here an arrow of frost.
There is an escape hatch in the floor here.
You can't go up here!
The centaur shoots an arrow of frost.
The arrow of frost hits you!
You die...

####....##########
##.. #....# #....
#....# ### ###...
##.#.# #.# #...##
#.#.# #.# #...##
#.#.# #.# #....#
#.#.# #.# #...#
#.#.######c####...#
#.@(..((.(.........
##########.##...###
#.##...# #.#...####
#.........
###......# ###....#
##...# #####


You could see a centaur.

Vanquished Creatures
  2 orc wizards (D:4)
  A worker ant (D:4)
  8 adders
  A giant mite (D:4)
  A worm (D:3)
  2 giant geckos
  3 oozes
  16 orcs
  7 bats
  4 giant cockroaches
  3 hobgoblins
  13 kobolds
  4 quokkas (D:3)
  7 giant newts
  A giant newt skeleton (D:4)
  13 goblins
  9 jackals
  12 rats
107 creatures vanquished.

Notes
Turn   | Place    | Note
--------------------------------------------------------------
     0 | D:1      | philou365, the Deep Elf Fire Elementalist, began the quest for the Orb.
     0 | D:1      | Reached XP level 1. HP: 10/10 MP: 4/4
   308 | D:1      | Reached XP level 2. HP: 15/15 MP: 3/6
   386 | D:1      | Learned a level 2 spell: Throw Flame
   430 | D:1      | Reached skill level 4 in Fire Magic
  1004 | D:2      | Reached XP level 3. HP: 19/19 MP: 3/9
  1559 | D:2      | Reached XP level 4. HP: 24/24 MP: 2/12
  1604 | D:2      | Learned a level 3 spell: Conjure Flame
  1612 | D:2      | Noticed Sigmund
  2282 | D:3      | Reached skill level 1 in Fighting
  3431 | D:4      | Noticed an ogre
  3448 | D:4      | Found a glowing silver altar of Zin.
  3489 | D:4      | Reached XP level 5. HP: 28/28 MP: 10/15
  3496 | D:4      | Learned a level 4 spell: Sticky Flame
  4386 | D:4      | Reached skill level 5 in Fire Magic
  5053 | D:5      | Entered Level 5 of the Dungeon
  5074 | D:5      | Noticed Duvessa
  5217 | D:4      | Reached XP level 6. HP: 32/32 MP: 7/19
  5466 | D:4      | Shot with an arrow of frost by a centaur

Action                   |  1- 3 |  4- 6 || total
-------------------------+-------+-------++-------
Melee: Mace              |    11 |       ||    11
       Short sword       |    13 |    30 ||    43
       Scimitar          |       |    22 ||    22
       Trident           |       |    42 ||    42
Throw: Dart              |       |     2 ||     2
 Cast: Flame Tongue      |    20 |       ||    20
       Throw Flame       |    45 |   121 ||   166
       Conjure Flame     |       |     4 ||     4
Evoke: Wand              |       |     3 ||     3
  Use: Scroll            |     1 |     4 ||     5
       Potion            |       |     6 ||     6
